 Dungeon Crawl Stone Soup version 0.30-a0-782-ge64f9170bb (webtiles) character file.

Game seed: 6917305163687495490

153073 shadizar the Warrior (level 17, -13/170 HPs)
             Began as a Hill Orc Monk on Mar 18, 2023.
             Was a High Priest of Okawaru.
             Mangled by a spark wasp (17 damage)
             ... on level 4 of the Spider Nest.
             The game lasted 01:32:07 (28320 turns).

shadizar the Warrior (Hill Orc Monk)               Turns: 28320, Time: 01:32:08

Health: -13/170    AC: 35    Str: 28      XL:     17   Next: 59%
Magic:  36/36      EV: 19    Int: 14 (15) God:    Okawaru [*****.]
Gold:   2641       SH:  0    Dex: 16 (18) Spells: 16/16 levels left

rFire   . . .      SeeInvis .    F - +9 great mace of the Endless March {speed, rPois rCorr}
rCold   + + .      Faith    .    (shield currently unavailable)
rNeg    + . .      Spirit   .    m - +8 ice dragon scales of Fuloquq {rF- rC++ rCorr Int+5 Dex+3}
rPois   +          Reflect  .    T - +1 hat "Jenwuoc" {Rampage Regen+ Str-2}
rElec   .          Harm     .    Y - +2 cloak {rF+}
rCorr   +          Rampage  +    d - +0 pair of gloves of Happiness {+Inv Str+6 Dex-4}
Will    ++...                    q - +2 pair of boots {Fly}
Stlth   +++                      e - amulet of magic regeneration
HPRegen 1.28/turn                h - +4 ring of slaying
MPRegen 0.65/turn                z - ring of Zehut {rN+ Will+ MP+9 Str+2 Dex+6}

@: heroic, finesse-ful, flying, studying 2 skills
A: no striking features
a: Renounce Religion, Evoke Invisibility, Heroism, Finesse, Duel


You were on level 4 of the Spider Nest.
You worshipped Okawaru.
Okawaru was extremely pleased with you.
You visited 5 branches of the dungeon, and saw 26 of its levels.
You also visited: Gauntlet, Ice Cave and Volcano.

You collected 2888 gold pieces.
You spent 247 gold pieces at shops.

Inventory:

Hand Weapons
 y - the +4 flail "Dybawuru" {heavy, rElec}
   (You took it off a minotaur in a Gauntlet)

   rElec:     It insulates you from electricity.
 F - the +9 great mace of the Endless March (weapon) {speed, rPois rCorr}
   (Okawaru gifted it to you on level 2 of the Lair of Beasts)

   rPois:     It protects you from poison.
   rCorr:     It protects you from acid and corrosion.
 M - a +0 demon blade of freezing
 X - a +2 demon trident of flaming
Missiles
 k - 231 stones (quivered)
Armour
 b - a +2 cloak of cold resistance
 d - the +0 pair of gloves of Happiness (worn) {+Inv Str+6 Dex-4}
   (Okawaru gifted it to you on level 5 of the Lair of Beasts)

   Str:       It affects your strength (+6).
   Dex:       It affects your dexterity (-4).
   +Inv:      It lets you turn invisible.
 m - the +8 ice dragon scales of Fuloquq (worn) {rF- rC++ rCorr Int+5 Dex+3}
   (You found it in an ice cave)

   Int:       It affects your intelligence (+5).
   Dex:       It affects your dexterity (+3).
   rF:        It makes you vulnerable to fire.
   rC:        It greatly protects you from cold.
   rCorr:     It protects you from acid and corrosion.
 q - a +2 pair of boots of flying (worn)
 r - +0 fire dragon scales
 x - a +2 chain mail of cold resistance
 A - the +4 ring mail of Qareyvva {rF+ rCorr Dex+4}
   (You found it on level 1 of the Spider Nest)

   Dex:       It affects your dexterity (+4).
   rF:        It protects you from fire.
   rCorr:     It protects you from acid and corrosion.
 H - the +0 cloak of the Monkey {rF- rCorr Str+7 Int+4}
   (Okawaru gifted it to you on level 1 of the Spider Nest)

   Str:       It affects your strength (+7).
   Int:       It affects your intelligence (+4).
   rF:        It makes you vulnerable to fire.
   rCorr:     It protects you from acid and corrosion.
 T - the +1 hat "Jenwuoc" (worn) {Rampage Regen+ Str-2}
   (You found it in a Gauntlet)

   Str:       It affects your strength (-2).
   Regen:     It increases your rate of health regeneration.
   Rampage:   It bestows one free step when moving towards enemies.
 Y - a +2 cloak of fire resistance (worn)
 Z - a +2 buckler of resistance
Jewellery
 e - an amulet of magic regeneration (around neck)
 h - a +4 ring of slaying (left hand)
 n - the ring "Ofrouw" {Fire MP+9 Int+2 Dex-2 Slay+5}
   (You found it in a Gauntlet)

   [ring of fire]

   It enhances your fire magic.
   Int:       It affects your intelligence (+2).
   Dex:       It affects your dexterity (-2).
   Slay:      It affects your accuracy & damage with ranged weapons and melee
   (+5).
   rF:        It protects you from fire.
   rC:        It makes you vulnerable to cold.
   MP:        It affects your magic capacity (+9).
 v - the ring of the Peasants {rF- Will- Dex+4 Slay+4 Stlth+}
   (You found it on level 2 of the Spider Nest)

   [ring of slaying]

   Dex:       It affects your dexterity (+4).
   Slay:      It affects your accuracy & damage with ranged weapons and melee
   (+4).
   rF:        It makes you vulnerable to fire.
   Will:      It decreases your willpower.
   Stlth:     It makes you more stealthy.
 z - the ring of Zehut (right hand) {rN+ Will+ MP+9 Str+2 Dex+6}
   (You found it on level 4 of the Dungeon)

   [ring of dexterity]

   Str:       It affects your strength (+2).
   Dex:       It affects your dexterity (+6).
   rN:        It protects you from negative energy.
   MP:        It affects your magic capacity (+9).
   Will:      It increases your willpower.
 P - a ring of resist corrosion
Wands
 f - a wand of roots (19)
 l - a wand of polymorph (12)
 K - a wand of mindburst (13)
 L - a wand of light (15)
 S - a wand of flame (31)
 V - a wand of paralysis (20)
Scrolls
 a - 14 scrolls of identify
 c - 5 scrolls of fear
 s - 8 scrolls of teleportation
 t - a scroll of poison
 w - a scroll of silence
 E - a scroll of fog
 I - 2 scrolls of magic mapping
 J - a scroll of blinking
 N - 4 scrolls of enchant armour
 O - 5 scrolls of enchant weapon
Potions
 g - 2 potions of berserk rage
 j - 8 potions of curing
 p - 2 potions of invisibility
 u - 7 potions of lignification
 B - 5 potions of cancellation
 C - 5 potions of might
 D - 2 potions of haste
 G - 9 potions of flight
 U - 3 potions of resistance
 W - a potion of heal wounds


   Skills:
 * Level 20.0(25.0) Fighting
 - Level 5.4(18.4) Axes
 + Level 13.6(18.9) Maces & Flails
 - Level 8.9(14.4) Polearms
 + Level 14.3(19.3) Armour
 + Level 11.0(16.0) Dodging
 - Level 5.1(10.1) Stealth
 - Level 5.1(10.1) Shields
 - Level 13.3 Invocations
 - Level 5.1 Evocations


You had 16 spell levels left.
You didn't know any spells.
Your spell library contained the following spells:

 Spells                   Type           Power      Damage    Failure   Level
 Freeze                   Ice            0%         1d3       45%         1
 Kiss of Death            Conj/Necr      0%         2d5       45%         1
 Necrotise                Necr           0%         1d4       45%         1
 Shock                    Conj/Air       0%         1d3       45%         1
 Slow                     Hex            0%         N/A       45%         1
 Sting                    Tmut/Pois      0%         1d3       45%         1
 Blink                    Tloc           0%         N/A       58%         2
 Cigotuvi's Dreadful Rot  Necr/Pois/Air  0%         N/A       58%         2
 Lesser Beckoning         Tloc           0%         N/A       58%         2
 Poisonous Vapours        Pois/Air       0%         N/A       58%         2
 Confusing Touch          Hex            0%         N/A       83%         3
 Frozen Ramparts          Ice            0%         1d1       83%         3
 Gell's Gravitas          Tloc           0%         N/A       83%         3
 Hailstorm                Conj/Ice       0%         3d3       83%         3
 Swiftness                Air            0%         N/A       83%         3
 Teleport Other           Tloc           0%         N/A       83%         3
 Vampiric Draining        Necr           0%         2d6       83%         3
 Airstrike                Air            0%         2d(0-16)  99%         4
 Dispel Undead            Necr           0%         3d6       99%         4
 Ice Form                 Ice/Tmut       0%         N/A       99%         4
 Manifold Assault         Tloc           0%         N/A       99%         4
 Olgreb's Toxic Radiance  Pois           0%         N/A       99%         4
 Passage of Golubria      Tloc           0%         N/A       99%         4
 Petrify                  Tmut/Erth      0%         N/A       99%         4
 Agony                    Necr           0%         N/A       100%        5
 Borgnjor's Vile Clutch   Necr/Erth      0%         N/A       100%        5
 Freezing Cloud           Conj/Ice/Air   0%         6-21      100%        5
 Metabolic Englaciation   Hex/Ice        0%         N/A       100%        5
 Silence                  Hex/Air        0%         N/A       100%        5
 Statue Form              Tmut/Erth      0%         N/A       100%        6
 Storm Form               Tmut/Air       0%         N/A       100%        7
 Lehudib's Crystal Spear  Conj/Erth      0%         10d2      100%        8
 Chain Lightning          Conj/Air       0%         N/A       100%        9
 Fire Storm               Conj/Fire      0%         5d1       100%        9
 Shatter                  Erth           0%         3d5*      100%        9
 Summon Ice Beast         Ice/Summ       Unusable   N/A       N/A         4
 Death Channel            Necr           Unusable   N/A       N/A         6

Dungeon Overview and Level Annotations

Branches:
Dungeon (14/15)            Temple (1/1) D:6            Lair (5/5) D:8
 Shoals (0/4) Lair:2       Spider (4/4) Lair:2        Slime (0/5) Lair:4
    Orc (2/2) D:10            Elf (0/3) Orc:2        Vaults (0/5) D:13
  IceCv (visited)         Volcano (visited)         Gauntlet (visited)

Altars:
Ashenzari
Cheibriados
Dithmenos
Elyvilon
Fedhas
Gozag
Hepliaklqana
Kikubaaqudgha
Makhleb
Nemelex Xobeh
Okawaru
Qazlal
Ru
Sif Muna
Trog
Uskayaw
Vehumet
Wu Jian
Xom
Yredelemnul
Zin
The Shining One
Beogh
Jiyva

Shops:
Orc:2 [(**

Annotations:
Lair:4 exclusion: 2 oklob plants


Message History

Your base Dodging skill increases to level 11!
The wolf spider attacks as you move away!
The wolf spider barely misses you. The wolf spider closely misses you.
The wolf spider attacks as you move away!
The wolf spider hits you but does no damage.
The wolf spider bites you!
* * * LOW HITPOINT WARNING * * *
The demonic crawler hits you!
* * * LOW HITPOINT WARNING * * *
The demonic crawler hits you but does no damage. x2
The wolf spider completely misses you. The wolf spider bites you!
* * * LOW HITPOINT WARNING * * *
The wolf spider barely misses you. x2
The wolf spider attacks as you move away!
The wolf spider hits you but does no damage.
The wolf spider bites you.
* * * LOW HITPOINT WARNING * * *
The demonic crawler misses you. The demonic crawler barely misses you.
The demonic crawler closely misses you.
You see here a wolf spider corpse.
The demonic crawler hits you but does no damage.
The demonic crawler misses you. The demonic crawler closely misses you.
The demonic crawler attacks as you move away!
The demonic crawler closely misses you. The demonic crawler hits you!
* * * LOW HITPOINT WARNING * * *
The demonic crawler hits you.
* * * LOW HITPOINT WARNING * * *
Blink to where?
Press: ? - help, Dir - move target
As you read the scroll of blinking, it crumbles to dust.
The spark wasp bursts into living lightning!
The living lightning hits you!
* * * LOW HITPOINT WARNING * * *
The spark wasp blinks!
The spark wasp misses you. The spark wasp completely misses you.
There is a stone staircase leading up here.
The spark wasp stings you!
* * * LOW HITPOINT WARNING * * *
The spark wasp shocks you!
You die...

............................##
..........:................^#..#
...........................##...
...............................
..............................
.....................#
^...................##
.........y..........##
.........@..........#
...................#
..................#
.......s..........##
...................#####
........................
........................
..^.....................
........................


You could see a spark wasp and a demonic crawler.

Vanquished Creatures
  Saint Roka (Orc:2)
  Kirke (Lair:3)
  Roxanne (Spider:4)
  The ghost of Oschuudiff the Devastator, an adept DsWn of Vehumet (Spider:1)
  5 emperor scorpions
  7 ghost moths
  2 orc warlords
  3 broodmothers
  Azrael (Orc:2)
  A minotaur (Gauntlet)
  2 spark wasps (Spider:1)
  Josephine (D:12)
  8 vault guards (D:13)
  7 hydras
  4 radroaches
  2 jorogumos (Spider:4)
  2 catoblepae
  Erica (D:8)
  7 dancing weapons (Spider:1)
  3 boulder beetles
  A death yak (D:8)
  A two-headed ogre (D:8)
  A death scarab (Spider:2)
  Nergalle (Orc:1)
  An orc high priest (Orc:2)
  Urug (D:13)
  Sonja (D:11)
  5 pharaoh ants
  Lodul (D:14)
  A sun moth (Spider:2)
  3 skysharks
  A necromancer (IceCv)
  7 orb spiders
  11 steelbarb worms
  2 orange crystal statues
  A lindwurm (Lair:5)
  2 orc knights (Orc:1)
  11 wolf spiders
  12 ugly things
  2 moths of wrath
  4 black mambas
  An ice statue (IceCv)
  4 molten gargoyles (Volcano)
  7 demonic crawlers
  10 cane toads
  5 torpor snails
  9 komodo dragons
  3 rime drakes
  2 efreet (Volcano)
  2 freezing wraiths (IceCv)
  2 unseen horrors
  A kobold demonologist (D:13)
  14 ice devils (IceCv)
  4 meliai
  An anaconda simulacrum (IceCv)
  A troll (shapeshifter) (D:14)
  14 polar bears
  A queen bee (Spider:2)
  8 trolls
  A hornet (shapeshifter) (D:13)
  25 tarantellas
  3 hornets
  2 raiju (Lair:5)
  A tarantella (shapeshifter) (D:14)
  6 dream sheep (Lair:5)
  9 blink frogs
  13 slime creatures
  13 culicivoras
  13 jumping spiders
  Sigmund (D:3)
  6 wyverns
  5 wraiths (D:12)
  64 yaks
  A vampire (D:11)
  Eustachio (D:5)
  2 unseen horror simulacra (D:8)
  9 fire elementals
  6 hogs (Lair:3)
  A dire elephant simulacrum (IceCv)
  A human (Lair:3)
  34 redbacks
  10 vampire mosquitoes
  3 basilisks
  Menkaure (D:6)
  A human (shapeshifter) (D:13)
  9 wargs
  3 harpy simulacra (IceCv)
  Edmund (D:5)
  3 acid dragons
  17 hell hounds
  3 swamp worms (Gauntlet)
  16 water moccasins
  A hydra simulacrum (IceCv)
  48 orc warriors
  3 ice beasts
  A sky beast (D:7)
  12 black bears
  5 boggarts (D:13)
  36 wolves
  2 centaurs
  13 ogres
  A phantom (D:7)
  A kobold brigand (D:13)
  Blork the orc (D:5)
  10 bullfrogs
  2 earth elementals (Volcano)
  A gnoll sergeant (D:10)
  2 cane toad simulacra (IceCv)
  A scorpion (D:5)
  3 wights (D:9)
  6 elephant simulacra (IceCv)
  38 killer bees
  6 electric eels
  4 crimson imps (D:9)
  2 wyvern simulacra (D:8)
  2 jellies
  A gnoll bouda (D:6)
  22 orc priests
  An iguana (D:6)
  23 orc wizards
  8 polar bear simulacra (IceCv)
  A troll simulacrum (IceCv)
  4 wolf simulacra (IceCv)
  3 spriggan simulacra (IceCv)
  Robin (D:3)
  10 adders
  8 gnolls
  2 naga simulacra (IceCv)
  3 white imps
  An ufetubus (D:8)
  3 worms
  A dart slug (D:3)
  112 orcs
  8 endoplasms
  6 giant cockroaches
  11 goblins
  19 hobgoblins
  9 jackals
  2 quokkas
  7 ball pythons
  8 bats
  2 frilled lizards (D:3)
  3 goblin skeletons (D:8)
  2 goblin zombies (D:8)
  A hobgoblin zombie (D:8)
  10 kobolds
  2 kobold skeletons (D:8)
  4 kobold zombies (D:8)
  An orc skeleton (D:8)
  3 rats
  A fire vortex (Volcano)
1007 creatures vanquished.

Vanquished Creatures (others)
  A demonic crawler (Spider:2)
  A fire vortex (Volcano)
  16 fungi
  36 plants
54 creatures vanquished.

Grand Total: 1061 creatures vanquished

Notes
Turn   | Place    | Note
-------+----------+-------------------------------------------
     0 | D:1      | shadizar the Hill Orc Monk began the quest for the Orb.
     0 | D:1      | Reached XP level 1. HP: 19/19 MP: 1/1
   129 | D:1      | Reached XP level 2. HP: 21/27 MP: 2/2
   309 | D:1      | Reached skill level 4 in Fighting
   775 | D:2      | Reached XP level 3. HP: 22/33 MP: 3/3
   918 | D:2      | Reached skill level 1 in Armour
  1635 | D:3      | Reached XP level 4. HP: 28/41 MP: 4/4
  1741 | D:3      | Noticed Sigmund
  1872 | D:4      | Reached XP level 5. HP: 47/47 MP: 5/5
  2085 | D:4      | Noticed an orc warrior
  2113 | D:5      | Entered Level 5 of the Dungeon
  2208 | D:5      | Noticed an ogre
  2213 | D:5      | Killed an ogre
  2214 | D:5      | Reached skill level 5 in Fighting
  2214 | D:5      | Reached skill level 5 in Axes
  2287 | D:5      | Noticed Blork the orc
  2295 | D:5      | Noticed Edmund
  2302 | D:5      | Killed Blork the orc
  2303 | D:5      | Reached XP level 6. HP: 29/56 MP: 6/6
  2347 | D:5      | Killed Edmund
  2471 | D:5      | Noticed Eustachio
  2495 | D:4      | Reached skill level 6 in Fighting
  2503 | D:4      | Killed an orc warrior
  2504 | D:4      | Reached XP level 7. HP: 21/63 MP: 7/7
  2706 | D:4      | Reached skill level 1 in Maces & Flails
  2757 | D:4      | Identified the ring of Zehut {rN+ Will+ MP+9 Str+2 Dex+6}
  3088 | D:3      | Killed Sigmund
  3253 | D:3      | Found a faded altar of an unknown god.
  3532 | D:3      | Noticed Robin
  3546 | D:3      | Killed Robin
  3755 | D:5      | Reached skill level 7 in Fighting
  3817 | D:5      | Killed Eustachio
  3818 | D:5      | Reached XP level 8. HP: 40/73 MP: 2/8
  4290 | D:5      | Found a sparkling altar of Nemelex Xobeh.
  4512 | D:6      | Found a staircase to the Ecumenical Temple.
  4542 | Temple   | Entered the Ecumenical Temple
  4569 | Temple   | Became a worshipper of Warmaster Okawaru
  4569 | Temple   | Reached * piety under Okawaru
  4569 | Temple   | Reached ** piety under Okawaru
  4605 | D:6      | Reached skill level 1 in Polearms
  4689 | D:6      | Reached skill level 8 in Fighting
  5055 | D:6      | Noticed Menkaure
  5059 | D:6      | Killed Menkaure
  5060 | D:6      | Reached XP level 9. HP: 81/81 MP: 9/9
  5276 | D:7      | Reached skill level 5 in Armour
  5464 | D:7      | Noticed a hornet
  5538 | D:7      | Reached skill level 1 in Invocations
  5624 | D:7      | Killed a hornet
  5624 | D:7      | Reached *** piety under Okawaru
  5625 | D:7      | Reached skill level 5 in Dodging
  5625 | D:7      | Reached skill level 5 in Stealth
  5625 | D:7      | Reached skill level 1 in Evocations
  6151 | D:8      | Found a bloodstained altar of Trog.
  6242 | D:8      | Noticed a two-headed ogre
  6251 | D:8      | Killed a two-headed ogre
  6252 | D:8      | Reached skill level 9 in Fighting
  6252 | D:8      | Reached XP level 10. HP: 91/91 MP: 12/12
  6308 | D:8      | Reached skill level 5 in Polearms
  6453 | D:8      | Found a staircase to the Lair.
  6497 | D:8      | Reached skill level 5 in Invocations
  6518 | D:8      | Reached skill level 10 in Fighting
  6519 | D:8      | Reached **** piety under Okawaru
  6776 | D:8      | Found a white marble altar of Elyvilon.
  6810 | D:8      | Noticed a death yak
  6820 | D:8      | Killed a death yak
  6821 | D:8      | Reached XP level 11. HP: 90/101 MP: 15/15
  6997 | D:8      | Found a glowing golden altar of the Shining One.
  7149 | D:8      | Noticed Erica
  7154 | D:8      | Killed Erica
  7155 | D:8      | Reached skill level 5 in Evocations
  7915 | D:9      | Found a burning altar of Makhleb.
  8061 | D:9      | Found a shimmering altar of Xom.
  8161 | D:9      | Reached ***** piety under Okawaru
  8162 | D:9      | Reached skill level 11 in Fighting
  9210 | Lair:1   | Entered Level 1 of the Lair of Beasts
  9280 | Lair:1   | Noticed a catoblepas
  9288 | Lair:1   | Killed a catoblepas
  9868 | Lair:1   | Reached XP level 12. HP: 103/110 MP: 18/18
 10658 | Lair:2   | Reached skill level 12 in Fighting
 10831 | Lair:2   | Noticed an eight-headed hydra
 10849 | Lair:2   | Killed an eight-headed hydra
 11285 | Lair:2   | Found a hole to the Spider Nest.
 11286 | Lair:2   | Noticed a seven-headed hydra
 11300 | Lair:2   | Killed a seven-headed hydra
 11300 | Lair:2   | Identified the +9 great mace of the Endless March {speed,
                  | rPois rCorr} (Okawaru gifted it to you on level 2 of the
                  | Lair of Beasts)
 11300 | Lair:2   | Received a gift from Okawaru
 11573 | Lair:2   | Reached skill level 10 in Armour
 11587 | Lair:2   | Found a staircase to the Shoals.
 12577 | Lair:3   | Noticed a catoblepas
 12586 | Lair:3   | Killed a catoblepas
 12587 | Lair:3   | Reached skill level 5 in Maces & Flails
 12963 | Lair:3   | Noticed Kirke
 13001 | Lair:3   | Killed Kirke
 13002 | Lair:3   | Reached XP level 13. HP: 74/119 MP: 19/19
 13175 | Lair:3   | Identified the +1 robe of Activism {Harm rF+ rC+ Regen+}
 13398 | Lair:4   | Found a viscous altar of Jiyva.
 13438 | Lair:4   | Found a dark tunnel.
 13449 | Volcano  | Entered a volcano
 13735 | Volcano  | Reached skill level 13 in Fighting
 14398 | Lair:4   | Got the Parchment of the Transforming Snowflakes
 15167 | Lair:5   | Entered Level 5 of the Lair of Beasts
 15257 | Lair:5   | Identified the +1 robe of Cerph {Str-5 Int+3 Slay+2}
 15332 | Lair:5   | Reached skill level 14 in Fighting
 15475 | Lair:5   | Identified the +0 pair of gloves of Happiness {+Inv Str+6
                  | Dex-4} (Okawaru gifted it to you on level 5 of the Lair of
                  | Beasts)
 15475 | Lair:5   | Received a gift from Okawaru
 15477 | Lair:5   | Reached XP level 14. HP: 77/133 MP: 21/21
 15529 | Lair:5   | Reached skill level 10 in Invocations
 15557 | Lair:5   | Found a frozen archway.
 15579 | IceCv    | Entered an ice cave
 15962 | IceCv    | Identified the +8 ice dragon scales of Fuloquq {rF- rC++
                  | rCorr Int+5 Dex+3}
 16005 | IceCv    | Found an ancient bone altar of Kikubaaqudgha.
 16049 | IceCv    | Reached skill level 15 in Fighting
 16372 | IceCv    | Got the Atlas of Decaying Ice
 16625 | Lair:5   | Identified the +6 trident of Argheub {flame, Contam rElec
                  | rPois Str+5}
 16819 | Lair:5   | Reached skill level 10 in Maces & Flails
 16862 | Lair:5   | Received a gift from Okawaru
 17611 | D:10     | Entered Level 10 of the Dungeon
 17845 | D:10     | Found a staircase to the Orcish Mines.
 18032 | D:10     | Reached skill level 16 in Fighting
 18055 | D:10     | Found a blossoming altar of Fedhas.
 18292 | Orc:1    | Entered Level 1 of the Orcish Mines
 18376 | Orc:1    | Noticed Nergalle
 18396 | Orc:1    | Killed Nergalle
 18649 | Orc:1    | Noticed an orc warlord
 18662 | Orc:1    | Killed an orc warlord
 18663 | Orc:1    | Reached XP level 15. HP: 69/145 MP: 22/22
 18922 | Orc:2    | Entered Level 2 of the Orcish Mines
 18963 | Orc:2    | Found a roughly hewn altar of Beogh.
 18964 | Orc:2    | Found Vodue's General Store.
 19008 | Orc:2    | Found a gate leading to a gauntlet.
 19023 | Orc:2    | Noticed Azrael
 19047 | Orc:2    | Killed Azrael
 19093 | Gauntlet | Entered a Gauntlet
 19093 | Gauntlet | Found a transporter.
 19093 | Gauntlet | Found a runed translucent gate.
 19093 | Gauntlet | Found a runed translucent gate.
 19128 | Gauntlet | Found a runed translucent gate.
 19133 | Gauntlet | Found a transporter.
 19148 | Gauntlet | Found a transporter.
 19201 | Gauntlet | Identified the ring "Ofrouw" {Fire MP+9 Int+2 Dex-2 Slay+5}
 19215 | Gauntlet | Found a transporter.
 19263 | Gauntlet | Found a transporter.
 19264 | Gauntlet | Found a transporter.
 19274 | Gauntlet | Found a transporter.
 19320 | Gauntlet | Found a transporter.
 19323 | Gauntlet | Identified the +1 hat "Jenwuoc" {Rampage Regen+ Str-2}
 19374 | Gauntlet | Identified the +4 flail "Dybawuru" {heavy, rElec}
 19384 | Gauntlet | Identified the +1 scimitar of Wappode {heavy, +Blink Dex+6}
 19610 | Orc:2    | Found a staircase to the Elven Halls.
 19622 | Orc:2    | Noticed Saint Roka
 19650 | Orc:2    | Killed Saint Roka
 19838 | Orc:2    | Found a roughly hewn altar of Beogh.
 19853 | Orc:2    | Found Oneasik's Assorted Antiques.
 19957 | Orc:2    | Noticed an orc warlord
 19987 | Orc:2    | Reached skill level 17 in Fighting
 20003 | Orc:2    | Killed an orc warlord
 20071 | Orc:2    | Found Nuzol's Antique Weapon Emporium.
 20121 | Orc:2    | Found a roughly hewn altar of Beogh.
 20121 | Orc:2    | Found Lurekus's Antique Armour Shoppe.
 20135 | Orc:2    | Bought a pair of runed boots for 247 gold pieces
 20188 | Orc:2    | Found a roughly hewn altar of Beogh.
 20219 | Orc:2    | Found a roughly hewn altar of Beogh.
 20306 | Orc:2    | Found a roughly hewn altar of Beogh.
 20944 | D:11     | Identified the +0 chain mail "Cujas" {rElec}
 20997 | D:11     | Noticed Sonja
 21000 | D:11     | Killed Sonja
 21724 | D:12     | Noticed Josephine
 21736 | D:12     | Killed Josephine
 22545 | D:13     | Noticed Urug
 22554 | D:13     | Killed Urug
 22834 | D:13     | Found a gate to the Vaults.
 22900 | D:13     | Reached skill level 18 in Fighting
 23342 | D:14     | Noticed Lodul
 23351 | D:14     | Reached XP level 16. HP: 109/157 MP: 23/23
 23355 | D:14     | Killed Lodul
 23364 | D:14     | Reached skill level 10 in Dodging
 23916 | Spider:1 | Entered Level 1 of the Spider Nest
 24057 | Spider:1 | Noticed Oschuudiff's ghost (adept DsWn)
 24067 | Spider:1 | Found a transporter.
 24075 | Spider:1 | Found a transporter.
 24097 | Spider:1 | Reached skill level 1 in Shields
 24126 | Spider:1 | Killed Oschuudiff's ghost
 24242 | Spider:1 | Found a runed translucent door.
 24408 | Spider:1 | Identified the +4 ring mail of Qareyvva {rF+ rCorr Dex+4}
 25403 | Spider:1 | Identified the +0 cloak of the Monkey {rF- rCorr Str+7
                  | Int+4} (Okawaru gifted it to you on level 1 of the Spider
                  | Nest)
 25403 | Spider:1 | Received a gift from Okawaru
 25627 | Spider:2 | Identified the +0 pair of gloves of the Ten Artists {+Blink
                  | Will- Regen+ Str+5}
 25653 | Spider:2 | Reached skill level 19 in Fighting
 25902 | Spider:2 | Found a transporter.
 26146 | Spider:2 | Found a transporter.
 26221 | Spider:2 | Reached XP level 17. HP: 168/168 MP: 19/26
 26310 | Spider:2 | Identified the ring of the Peasants {rF- Will- Dex+4 Slay+4
                  | Stlth+}
 26578 | Spider:3 | Received a gift from Okawaru
 27871 | Spider:4 | Entered Level 4 of the Spider Nest
 27923 | Spider:4 | Reached skill level 5 in Shields
 28145 | Spider:4 | Noticed Roxanne
 28197 | Spider:4 | Killed Roxanne
 28301 | Spider:4 | Reached skill level 20 in Fighting
 28320 | Spider:4 | HP: 4/170 [spark wasp (15)]
 28320 | Spider:4 | Mangled by a spark wasp

Illustrated notes

Levels and vault maps discovered:
D:1:      beargit_arrival_diablo_church, layout_basic
D:2:      layout_basic
D:3:      minmay_door_path, layout_loops_cross,
          shapermc_ecumenical_altar_mp_urbaneastern,
          amcnicky_mini_rare_corridor_liquid, uniq_robin, uniq_sigmund
D:4:      layout_cave_pools
D:5:      layout_basic, mainiacjoe_overflow_alcove_4, uniq_eustachio,
          uniq_blork_the_orc, uniq_edmund
D:6:      layout_cave_pools, minmay_temple_entry_wispy, serial_column_ruins,
          column_ruins_courtyard_long, column_ruins_open_tiny,
          column_ruins_open_tiny, column_ruins_corridor_T,
          column_ruins_open_small_water, column_ruins_grid_3,
          column_ruins_columns_straight, column_ruins_columns_straight,
          uniq_menkaure
D:7:      layout_cave_pools, hangedman_decor_peaks_small
D:8:      layout_loops_corners, elyvilon_altar_5, trog_hazing_becter,
          nicolae_tso_besieged_by_evil, minmay_lair_entry_grove, serial_ice,
          serial_ice_m, serial_ice_e, serial_ice_n, serial_ice_i, serial_ice_d,
          serial_ice_b, uniq_erica
D:9:      layout_irregular_city, led_xom_imps, mainiacjoe_overflow_boulevard
D:10:     layout_big_octagon, mainiacjoe_overflow_brackets, david_orc_1_choice
D:11:     layout_basic, uniq_sonja
D:12:     layout_basic, serial_glass, glass_columns_a, glass_columns_b,
          uniq_josephine
D:13:     layout_roguey, erik_vaults_2, uniq_urug
D:14:     layout_basic, uniq_lodul
Temple:   hellmonk_temple_of_storms
Lair:1:   layout_gridlike
Lair:2:   layout_chaotic_city, shoals_dummy_entry,
          hellmonk_spider_entry_not_the_bees
Lair:3:   layout_long_grid, uniq_kirke
Lair:4:   layout_regular_city, minmay_slime_entry_oklob_open,
          nicolae_volcano_entry_two_sided, infiniplex_staircase_pool,
          grunt_megastairs_3, lemuel_fruit_tree
Lair:5:   hangedman_lair_caniforms_friends, layout_hall_layers,
          portal_ice_cave_rime, grunt_forest_small_clearing_treed,
          lemuel_fruit_fields
Spider:1: cheibrodos_spider_deadly_dance, gammafunk_ghost_arena
Spider:2: gammafunk_sealed_arena, nicolae_looking_at_the_future
Spider:3: layout_spider_delve, hangedman_spider_tarantella_strand
Spider:4: guppyfry_spider_rune, gammafunk_ghost_mausoleum, hive_lemuel,
          uniq_roxanne
Orc:1:    layout_diamond_mine, special_room [special_room_orc], uniq_nergalle
Orc:2:    grunt_orc_community_town_hall, layout_caves,
          grunt_orc_community_big_house_2, grunt_orc_community_big_house_1,
          grunt_orc_community_house_2, grunt_orc_community_house_1,
          grunt_orc_community_house_3, grunt_orc_community_house_2,
          gauntlet_entry_generic, uniq_azrael, uniq_saint_roka

Skill      XL: |  1  2  3  4  5  6  7  8  9 10 11 12 13 14 15 16 17 |
---------------+----------------------------------------------------+-----
Fighting       | 4 5 6 7 8 9 10 11 12 14 16 18 19 20 | 20.0
Armour         | 1 2 3 4 6 7 9 10 11 12 13 14 | 14.3
Stealth        | 2 3 4 5 |  5.1
Axes           | 5 |  5.4
Dodging        | 3 4 5 6 7 9 10 11 | 11.0
Maces & Flails | 2 7 9 10 11 12 13 | 13.6
Polearms       | 2 4 6 7 8 |  8.9
Invocations    | 3 6 8 9 10 12 13 | 13.3
Evocations     | 2 4 5 |  5.1
Shields        | 3 5 |  5.1

Action                     |  1- 3 |  4- 6 |  7- 9 | 10-12 | 13-15 | 16-18 || total
---------------------------+-------+-------+-------+-------+-------+-------++-------
  Melee: Hand axe          |   138 |    74 |       |       |       |       ||   212
         Punch             |     2 |     1 |     1 |       |       |       ||     4
         Flail             |       |    32 |    93 |    26 |       |       ||   151
         Unarmed           |       |       |    25 |       |       |       ||    25
         Halberd           |       |       |   130 |   341 |       |       ||   471
         Great mace        |       |       |       |    86 |  1299 |   752 ||  2137
 Invoke: Heroism           |       |       |     7 |    22 |    33 |    16 ||    78
         Finesse           |       |       |       |     3 |     7 |     3 ||    13
    Use: Potion            |       |     3 |     1 |     3 |     2 |     2 ||    11
         Scroll            |       |       |    14 |     7 |     9 |     8 ||    38
   Stab: Sleeping          |     2 |       |     5 |     4 |     4 |       ||    15
         Distracted        |       |       |     1 |     1 |     1 |       ||     3
 Armour: Robe              |    36 |       |       |       |       |       ||    36
         Chain mail        |    15 |    37 |       |       |       |       ||    52
         Scale mail        |       |    23 |   161 |   250 |   154 |       ||   588
         Skin              |       |       |     3 |       |       |       ||     3
         Ice dragon scales |       |       |       |       |   408 |   548 ||   956
  Dodge: Dodged            |    92 |    60 |   208 |   426 |   929 |   673 ||  2388

Table legend: (Time is in decaauts)
 A = Elapsed time spent in this place.
 B = Non-inter-level travel time spent in this place.
 C = Inter-level travel time spent in this place.
 D = Time resting spent in this place.
 E = Time spent auto-exploring this place.
 F = Levels seen in this place.
 G = Mean time per level.
                   A        B        C        D        E       F      G
               +--------+--------+--------+--------+--------+-----+--------+
         Total |  27832 |  26336 |   1496 |      0 |  18216 |  29 |  959.7 |
       Dungeon |  13454 |  12519 |    935 |      0 |   9449 |  14 |  961.0 |
        Temple |     50 |     50 |      0 |      0 |     19 |   1 |   50.0 |
          Lair |   6711 |   6320 |    391 |      0 |   4621 |   5 | 1342.2 |
   Spider Nest |   3584 |   3460 |    124 |      0 |   2224 |   4 |  896.0 |
  Orcish Mines |   2063 |   2018 |     45 |      0 |   1188 |   2 | 1031.5 |
      Ice Cave |    964 |    964 |      0 |      0 |    486 |   1 |  964.0 |
       Volcano |    702 |    702 |      0 |      0 |    190 |   1 |  702.0 |
      Gauntlet |    301 |    301 |      0 |      0 |     39 |   1 |  301.0 |
               +--------+--------+--------+--------+--------+-----+--------+

Top non-repeatable levels by time:
  Lair:2: 1997 daAuts
     D:8: 1764 daAuts
     D:9: 1661 daAuts
  Lair:1: 1577 daAuts
Spider:3: 1442 daAuts
   Orc:2: 1326 daAuts
  Lair:5: 1227 daAuts
  Lair:4: 1105 daAuts
     D:4: 987 daAuts
     D:5: 985 daAuts
   IceCv: 964 daAuts
     D:6: 951 daAuts
    D:13: 948 daAuts
Spider:1: 920 daAuts
     D:2: 864 daAuts
